 Dungeon Sprint DCSS version 0.30-a0-1102-g2dbb833546 (webtiles) character file.

Game seed: 12677854269435792777

173 Conn the Arsonist (level 5, -19/31 HPs)
             Began as an Octopode Fire Elementalist on Apr 18, 2023.
             Was an Initiate of Sif Muna.
             Killed by an exploding deep elf pyromancer (35 damage)
             ... ignited by their inner flame
             ... in the Dungeon (Sprint III: "The Ten Rune Challenge").
             The game lasted 00:03:29 (432 turns).

Conn the Arsonist (Octopode Fire Elementalist)       Turns: 432, Time: 00:03:30

Health: -19/31     AC:  1    Str:  7    XL:     5   Next: 53%
Magic:  0/12       EV: 13    Int: 19    God:    Sif Muna [......]
Gold:   40         SH:  0    Dex:  9    Spells: 4/14 levels left

rFire   . . .      SeeInvis .    h - +2 dagger (freeze)
rCold   . . .      Faith    .    (no shield)
rNeg    . . .      Spirit   .    (helmet restricted)
rPois   +          Reflect  .    (no amulet)
rElec   .          Rampage  .    (no ring)
rCorr   .          NoTele   +    (no ring)
Will    .....                    (no ring)
Stlth   +++                      (no ring)
HPRegen 0.25/turn                (no ring)
MPRegen 0.13/turn                (no ring)
                                 (no ring)
                                 (no ring)

@: very slightly contaminated
A: almost no armour, amphibious, 8 rings, camouflage 1, gelatinous body 1,
(nimble swimmer 1), tentacles, clumsy 2, poison resistance
a: Renounce Religion


You were in the Dungeon.
You worshipped Sif Muna.
Sif Muna was noncommittal.
You visited 1 branch You collected 40 gold pieces.

Inventory:

Hand Weapons
 h - a +2 dagger of freezing (weapon)
Wands
 g - a wand of flame (14)
Scrolls
 f - a scroll of blinking
 i - 2 scrolls of identify {unknown}
 j - 2 scrolls of poison {unknown}
 l - a scroll of immolation {unknown}
Potions
 a - 2 potions of magic
 b - a potion of curing
 c - a potion of heal wounds
 d - a potion of haste
 e - a potion of berserk rage
 k - 2 potions of flight
 m - 4 potions of mutation


   Skills:
 + Level 4.0 Dodging
 + Level 4.7 Stealth
 + Level 5.3 Spellcasting
 + Level 2.8 Conjurations
 + Level 8.2 Fire Magic


You had 4 spell levels left.
You knew the following spells:

 Your Spells              Type           Power      Damage    Failure   Level
a - Foxfire               Conj/Fire      100%       2x1d9     1%          1
c - Inner Flame           Hex/Fire       20%        N/A       7%          3
d - Flame Wave            Conj/Fire      26%        2d8       12%         4
e - Scorch                Fire           72%        2d8       1%          2

Your spell library contained the following spells:

 Spells                   Type           Power      Damage    Failure   Level
 Volatile Blastmotes      Fire/Tloc      40%        2d13      7%          3
 Tukima's Dance           Hex            5%         N/A       34%         3
 Passage of Golubria      Tloc           5%         N/A       75%         4
 Yara's Violent Unravell  Hex/Tmut       2%         3d3       97%         5


Dungeon Overview and Level Annotations

Branches:
Dungeon (1/1)

Altars:
Elyvilon
Kikubaaqudgha
Sif Muna
Vehumet
Zin
The Shining One


Innate Abilities, Weirdness & Mutations

You cannot wear most types of armour.
You are amphibious.
You can wear up to eight rings at the same time.
Your skin changes colour to match your surroundings (Stealth+).
Your rubbery body absorbs attacks. (AC +1, EV +1)
((You are camouflaged when in or above water. (Stealth+)))
You have tentacles for arms and can constrict up to eight enemies at once.
You are very clumsy. (Dex -4)
Your system is resistant to poisons. (rPois)


Message History

Flames lash the deep elf pyromancer.
The deep elf pyromancer is lightly wounded.
The deep elf pyromancer's fire resistance burns away.
Your foxfire dissipates!
Unknown command.
Casting: Scorch (safe; 1% risk of failure)
Confirm with . or Enter, or press ? or * to list all spells.
The spell is quite dangerous to miscast (7% risk of failure)!
Continue anyway?
Aiming: Inner Flame (quite dangerous; 7% risk of failure)
Press: ? - help, Dir - move target, f - deep elf pyromancer
Aim: a deep elf pyromancer, wielding a +2 long sword of holy wrath (lightly wounded, more vulnerable to fire, chance to affect: 59%)
The deep elf pyromancer is filled with an inner flame.
The deep elf pyromancer casts a spell.
Unknown command.
Aiming: Throw Flame
Press: ? - help, Shift-Dir - straight line, f/p - deep elf pyromancer
Aim: a deep elf pyromancer, wielding a +2 long sword of holy wrath (lightly wounded, inner flame, more vulnerable to fire, 56% to hit)
The puff of flame misses the deep elf pyromancer.
The fire elemental barely misses you.
Casting: Inner Flame (quite dangerous; 7% risk of failure)
Confirm with . or Enter, or press ? or * to list all spells.
The spell is extremely dangerous to miscast (12% risk of failure)!
Continue anyway?
Casting: Flame Wave (extremely dangerous; 12% risk of failure)
Press: ? - help, Dir - look around, f - activate A wave of flame ripples out!
The flame wave engulfs the deep elf pyromancer!
The deep elf pyromancer is burned terribly!
Flame seeps out of the deep elf pyromancer.
The deep elf pyromancer is heavily wounded.
The flame wave engulfs the fire elemental.
The fire elemental completely resists. (Press . to intensify the flame waves.)
The fire elemental hits you. The fire elemental burns you!
The deep elf pyromancer is engulfed in blazing flames.
Sif Muna accepts your kill.
The fire elemental disappears in a puff of smoke! x2
The deep elf pyromancer explodes!
The fiery explosion engulfs you!!
Ouch! That really hurt!
You die...

▓▓▓▓▓▓▓ ▓▓▓ '...♣.♣♣
♣.##### #....♣.♣
♣♣.#__○# #....♣.♣
♣..#!§§#
#....~.♣♣♣..###○#+###+##
#...~~♣..♣♣.#.§§@......#
#..~)~~♣....'.⌠........#
#..†≈≈~~~...#...######+#
#.~~≈~~~....#.⌠.#
#.~≈~~~.....#...#
#.~~~.......#)###
#...........#...#
............#___#
▓▓▓▓▓▓▓▓▓▓▓▓▓▓▓▓▓


There were no monsters in sight!

Vanquished Creatures
  A deep elf pyromancer (D)
  A water elemental (D)
  Crazy Yiuf (D)
  Jessica (D)
  A wizard (D)
  A kobold demonologist (D)
  A human (D)
  An endoplasm (D)
  2 rats (D)
10 creatures vanquished.

Vanquished Creatures (others)
  36 foxfires (D)
36 creatures vanquished.

Grand Total: 46 creatures vanquished

Notes
Turn   | Place    | Note
-------+----------+-------------------------------------------
     0 | D        | Conn the Octopode Fire Elementalist began the quest for the
                  | Orb.
     0 | D        | Reached XP level 1. HP: 11/11 MP: 3/3
    27 | D        | Noticed Jessica
    31 | D        | Killed Jessica
    32 | D        | Reached skill level 5 in Fire Magic
    32 | D        | Reached XP level 2. HP: 10/17 MP: 0/6
    32 | D        | Reached XP level 3. HP: 12/21 MP: 0/7
   103 | D        | Learned a level 2 spell: Scorch
   107 | D        | Learned a level 3 spell: Inner Flame
   118 | D        | Noticed Crazy Yiuf
   130 | D        | Killed Crazy Yiuf
   131 | D        | Reached skill level 6 in Fire Magic
   134 | D        | Reached XP level 4. HP: 27/27 MP: 4/9
   194 | D        | Gained mutation: You are clumsy. (Dex -2) [potion of
                  | mutation]
   194 | D        | Gained mutation: Your muscles are strong. (Str +4, Int/Dex
                  | -1) [potion of mutation]
   194 | D        | Gained mutation: You are covered in fur. (AC +1) [potion of
                  | mutation]
   194 | D        | Gained mutation: You expend magic power (3 MP) to
                  | strengthen your wands. [potion of mutation]
   195 | D        | Lost mutation: Your muscles are strong. (Str +4, Int/Dex
                  | -1) [potion of mutation]
   195 | D        | Lost mutation: You are covered in fur. (AC +1) [potion of
                  | mutation]
   195 | D        | Lost mutation: You expend magic power (3 MP) to strengthen
                  | your wands. [potion of mutation]
   195 | D        | Gained mutation: You are very clumsy. (Dex -4) [potion of
                  | mutation]
   195 | D        | Gained mutation: Your system is resistant to poisons.
                  | (rPois) [potion of mutation]
   224 | D        | Learned a level 4 spell: Flame Wave
   224 | D        | Noticed a water elemental
   235 | D        | Killed a water elemental
   236 | D        | Reached skill level 7 in Fire Magic
   236 | D        | Reached XP level 5. HP: 23/31 MP: 3/12
   322 | D        | Found a radiant altar of Vehumet.
   322 | D        | Found a shimmering blue altar of Sif Muna.
   322 | D        | Found an ancient bone altar of Kikubaaqudgha.
   325 | D        | Reached skill level 5 in Spellcasting
   329 | D        | Reached skill level 8 in Fire Magic
   335 | D        | Became a worshipper of Sif Muna the Loreminder
   422 | D        | Found a glowing silver altar of Zin.
   423 | D        | Found a glowing golden altar of the Shining One.
   423 | D        | Found a white marble altar of Elyvilon.
   427 | D        | Noticed a deep elf pyromancer
   431 | D        | Noticed a fire elemental
   431 | D        | Noticed a fire elemental
   432 | D        | Killed a deep elf pyromancer
   432 | D        | Killed by an exploding deep elf pyromancer... ignited by
                  | their inner flame

Illustrated notes

Levels and vault maps discovered:
D:        dungeon_sprint_mu [sprint_mu_entry_forest, sprint_mu_temple_rooms,
          sprint_mu_d1_horrors, sprint_mu_d2_genie, sprint_mu_d3_branching,
          sprint_mu_orc_legion, sprint_mu_elf_gauntlet, sprint_mu_hive_nellie,
          sprint_mu_lair_fedhas, sprint_mu_vaults_butterflies,
          sprint_mu_slime_circle, sprint_mu_shoals_archi,
          sprint_mu_snake_twists, sprint_mu_blade_basic, sprint_mu_crypt_lich,
          sprint_mu_tomb_spiral, sprint_mu_vestibule_basic,
          sprint_mu_gehenna_hellfire, sprint_mu_dis_giant,
          sprint_mu_tartarus_statrot, sprint_mu_cocytus_islands, sprint_mu_zot1]

Skill      XL: |  1  2  3  4  5 |
---------------+----------------+-----
Stealth        | 3 4 |  4.7
Spellcasting   | 3 4 5 |  5.3
Fire Magic     | 5 6 7 8 |  8.2
Dodging        | 3 4 |  4.0
Conjurations   | 2 |  2.8

Action                     |  1- 3 |  4- 6 || total
---------------------------+-------+-------++-------
  Melee: Unarmed           |     1 |       ||     1
   Cast: Foxfire           |    13 |     6 ||    19
         Scorch            |       |     6 ||     6
         Flame Wave        |       |     2 ||     2
         Inner Flame       |       |     1 ||     1
  Evoke: Wand              |       |     1 ||     1
    Use: Potion            |     1 |     2 ||     3
  Dodge: Dodged            |       |     1 ||     1

Table legend: (Time is in decaauts)
 A = Elapsed time spent in this place.
 B = Non-inter-level travel time spent in this place.
 C = Inter-level travel time spent in this place.
 D = Time resting spent in this place.
 E = Time spent auto-exploring this place.
 F = Levels seen in this place.
 G = Mean time per level.
                   A        B        C        D        E       F      G
               +--------+--------+--------+--------+--------+-----+--------+
         Total |    431 |    431 |      0 |    213 |     42 |   1 |  431.0 |
       Dungeon |    431 |    431 |      0 |    213 |     42 |   1 |  431.0 |
               +--------+--------+--------+--------+--------+-----+--------+

Top non-repeatable levels by time:
       D: 431 daAuts
